NCAA
NOTRE DAME FIGHTING IRISH @ SOUTH CAROLINA GAMECOCKS
04/27/2024
 
TOP OF THE 1ST
Notre Dame Fighting Irish batting - Pitching for South Carolina Gamecocks : RHP Bryce Davis
Pitching: RHP Bryce Davis
Batting: RHB António Muńóz 0-0: Bunted foul
0-1: Ball
1-1: Ball
2-1: Fly out, F6 (Line Drive, 6)
Batting: SHB Joe Gallagher 0-0: Called Strike
0-1: Ball
1-1: Foul Ball, location: 2F
1-2: Foul Ball, location: 2F
1-2: Ball
2-2: Strikes out swinging
Batting: RHB Doug Coleman 0-0: Ball
1-0: Swinging Strike
1-1: Called Strike
1-2: Ball
2-2: Ball
3-2: Fly out, F9 (Line Drive, 89M)
Top of the 1st over - 0 run(s), 0 hit(s), 0 error(s), 0 left on base; Notre Dame 0 - South Carolina 0
BOTTOM OF THE 1ST
South Carolina Gamecocks batting - Pitching for Notre Dame Fighting Irish : RHP Domingo Franco
Pitching: RHP Domingo Franco
Batting: LHB Josh Pérez 0-0: Ball
1-0: Swinging Strike
1-1: Ball
2-1: Fly out, F7 (Flyball, 7M)
Batting: RHB Carl Johnston 0-0: Swinging Strike
0-1: Ball
1-1: Ball
2-1: Ball
3-1: Base on Balls
Batting: RHB Junior Adams 0-0: Ball
1-0: Foul Ball, location: 2F
1-1: Ball
2-1: SINGLE (Groundball, 5D)
Carl Johnston to second
Batting: RHB Doug O'Brien 0-0: Ball
1-0: Grounds into double play, 6-4-3 (Groundball, 6)
Bottom of the 1st over - 0 run(s), 1 hit(s), 0 error(s), 1 left on base; Notre Dame 0 - South Carolina 0
TOP OF THE 2ND
Notre Dame Fighting Irish batting - Pitching for South Carolina Gamecocks : RHP Bryce Davis
Batting: RHB Tony Parker 0-0: Ball
1-0: Ball
2-0: Called Strike
2-1: Ball
3-1: Called Strike
3-2: Base on Balls
Batting: LHB George Smith 0-0: Ball
1-0: Foul Ball, location: 2F
1-1: Fielders Choice at 2nd, 3-6 (Groundball, 3)
Batting: RHB Jesús Santos 0-0: Fly out, F9 (Flyball, 9LM)
Batting: SHB Forest Cruz 0-0: Ball
1-0: Ball
2-0: Called Strike
2-1: Swinging Strike
2-2: Foul Ball, location: 2F
2-2: Strikes out looking
Top of the 2nd over - 0 run(s), 0 hit(s), 0 error(s), 1 left on base; Notre Dame 0 - South Carolina 0
BOTTOM OF THE 2ND
South Carolina Gamecocks batting - Pitching for Notre Dame Fighting Irish : RHP Domingo Franco
Batting: RHB Lewis Carter 0-0: Ground out 6-3 (Groundball, 6)
Batting: RHB Taylor Justice 0-0: Called Strike
0-1: SINGLE (Groundball, 56D)
Batting: RHB Clint Ratzlaff 0-0: Ball
Wild Pitch!
Taylor Justice to second
1-0: Called Strike
Balk!
Taylor Justice to third
1-1: Ball
2-1: Ball
3-1: Base on Balls
Batting: RHB José Zúńiga 0-0: Ball
1-0: Called Strike
1-1: Ball
2-1: Swinging Strike
2-2: Fly out, F9 (Popup, 9S)
Batting: RHB Gary Wyatt 0-0: Ball
1-0: Foul Ball, location: 2F
1-1: Fly out, F7 (Flyball, 78M)
Bottom of the 2nd over - 0 run(s), 1 hit(s), 0 error(s), 2 left on base; Notre Dame 0 - South Carolina 0
TOP OF THE 3RD
Notre Dame Fighting Irish batting - Pitching for South Carolina Gamecocks : RHP Bryce Davis
Batting: RHB Ron Walters 0-0: Called Strike
0-1: Called Strike
0-2: Ball
1-2: Ball
2-2: Strikes out looking
Batting: RHB Ralph Gentry 0-0: Ball
1-0: Ball
2-0: Swinging Strike
2-1: Ball
3-1: Base on Balls
Batting: RHB António Muńóz 0-0: Fly out, F2 (Popup, 2RF)
Batting: SHB Joe Gallagher 0-0: Foul Ball, location: 2F
0-1: Ball
1-1: Called Strike
1-2: Foul Ball, location: 2F
1-2: Ground out 1-3 (Groundball, 13S)
Top of the 3rd over - 0 run(s), 0 hit(s), 0 error(s), 1 left on base; Notre Dame 0 - South Carolina 0
BOTTOM OF THE 3RD
South Carolina Gamecocks batting - Pitching for Notre Dame Fighting Irish : RHP Domingo Franco
Batting: LHB Josh Pérez 0-0: Ball
1-0: Foul Ball, location: 2F
1-1: Ball
2-1: Ball
3-1: Swinging Strike
3-2: Base on Balls
Batting: RHB Carl Johnston 0-0: Ball
1-0: Ball
2-0: Foul Ball, location: 2F
2-1: Fly out, F8 (Flyball, 8RM)
Batting: RHB Junior Adams 0-0: Ball
1-0: Called Strike
1-1: Ball
2-1: Called Strike
2-2: 2-RUN HOME RUN (Flyball, 78XD), Distance : 367 ft
Batting: RHB Doug O'Brien 0-0: Swinging Strike
0-1: Swinging Strike
0-2: Ball
1-2: Ball
2-2: Ball
3-2: Base on Balls
Batting: RHB Lewis Carter 0-0: Fielders Choice at 2nd, 1-6 (Groundball, 25)
Batting: RHB Taylor Justice 0-0: Ball
1-0: Ball
Lewis Carter steals 2nd base
2-0: Called Strike
2-1: Called Strike
2-2: Strikes out swinging
Bottom of the 3rd over - 2 run(s), 1 hit(s), 0 error(s), 1 left on base; Notre Dame 0 - South Carolina 2
TOP OF THE 4TH
Notre Dame Fighting Irish batting - Pitching for South Carolina Gamecocks : RHP Bryce Davis
Batting: RHB Doug Coleman 0-0: Foul Ball, location: 2F
0-1: Ball
1-1: Swinging Strike
1-2: Ball
2-2: Strikes out swinging
Batting: RHB Tony Parker 0-0: Ball
1-0: Fly out, F7 (Flyball, 78M)
Batting: LHB George Smith 0-0: Ball
1-0: SOLO HOME RUN (Flyball, 9D), Distance : 367 ft
Batting: RHB Jesús Santos 0-0: Ground out 1-3 (Groundball, 13S)
Top of the 4th over - 1 run(s), 1 hit(s), 0 error(s), 0 left on base; Notre Dame 1 - South Carolina 2
BOTTOM OF THE 4TH
South Carolina Gamecocks batting - Pitching for Notre Dame Fighting Irish : RHP Domingo Franco
Batting: RHB Clint Ratzlaff 0-0: Fly out, F4 (Popup, 4D)
Batting: RHB José Zúńiga 0-0: Ball
1-0: Ball
2-0: Foul Ball, location: 2F
2-1: Swinging Strike
2-2: Ball
3-2: Base on Balls
Batting: RHB Gary Wyatt 0-0: Called Strike
0-1: Swinging Strike
0-2: Foul Ball, location: 2F
0-2: Ball
1-2: Strikes out swinging
Batting: LHB Josh Pérez 0-0: Ball
1-0: Called Strike
Pickoff Throw to First - Out!
Bottom of the 4th over - 0 run(s), 0 hit(s), 0 error(s), 0 left on base; Notre Dame 1 - South Carolina 2
TOP OF THE 5TH
Notre Dame Fighting Irish batting - Pitching for South Carolina Gamecocks : RHP Bryce Davis
Batting: SHB Forest Cruz 0-0: Called Strike
0-1: Ball
1-1: Swinging Strike
1-2: Ball
2-2: SOLO HOME RUN (Flyball, 78XD), Distance : 377 ft
Batting: RHB Ron Walters 0-0: Called Strike
0-1: Fly out, F9 (Flyball, 89M)
Batting: RHB Ralph Gentry 0-0: Ball
1-0: Ball
2-0: Fly out, F6 (Popup, 6D)
Batting: RHB António Muńóz 0-0: Ball
1-0: Ball
2-0: Foul Ball, location: 2F
2-1: Ground out 5-3 (Groundball, 5L)
Top of the 5th over - 1 run(s), 1 hit(s), 0 error(s), 0 left on base; Notre Dame 2 - South Carolina 2
BOTTOM OF THE 5TH
South Carolina Gamecocks batting - Pitching for Notre Dame Fighting Irish : RHP Domingo Franco
Batting: LHB Josh Pérez 0-0: Ball
1-0: Fly out, F8 (Flyball, 8RM)
Batting: RHB Carl Johnston 0-0: Called Strike
0-1: SINGLE (Groundball, 4MD)
Batting: RHB Junior Adams 0-0: Called Strike
0-1: Ball
1-1: Swinging Strike
1-2: Ball
2-2: Ball
3-2: SINGLE (Groundball, 56D)
Carl Johnston to second
Pitching: RHP Dax Campbell
Batting: RHB Doug O'Brien 0-0: Fly out, F4 (Popup, 4)
Batting: RHB Lewis Carter 0-0: Called Strike
0-1: Fly out, F3 (Popup, 3SF)
Bottom of the 5th over - 0 run(s), 2 hit(s), 0 error(s), 2 left on base; Notre Dame 2 - South Carolina 2
TOP OF THE 6TH
Notre Dame Fighting Irish batting - Pitching for South Carolina Gamecocks : RHP Bryce Davis
Batting: SHB Joe Gallagher 0-0: Ball
1-0: Ball
2-0: Ball
3-0: Called Strike
3-1: Base on Balls
Batting: RHB Doug Coleman 0-0: SINGLE (Flyball, 7LM)
Joe Gallagher to second
Batting: RHB Tony Parker 0-0: Ball
1-0: Called Strike
1-1: SINGLE (Line Drive, 56)
Joe Gallagher to third
Doug Coleman to second
Pitching: RHP Ray Hall
Batting: LHB George Smith 0-0: Foul Ball, location: 2F
0-1: Ball
1-1: Ball
2-1: Ball
3-1: Fly out, F6 (Popup, 6MD)
Batting: RHB Jesús Santos 0-0: Called Strike
0-1: Swinging Strike
0-2: Foul Ball, location: 2F
0-2: Strikes out swinging
Batting: SHB Forest Cruz 0-0: Ball
1-0: Ball
2-0: Ball
3-0: Called Strike
3-1: Called Strike
3-2: Base on Balls
Joe Gallagher scores
Doug Coleman to third
Tony Parker to second
Batting: RHB Ron Walters 0-0: Called Strike
0-1: Foul Ball, location: 2F
0-2: Foul Ball, location: 2F
0-2: Foul Ball, location: 2F
0-2: Foul Ball, location: 2F
0-2: Ball
1-2: Ball
2-2: Ball
3-2: Strikes out swinging
Top of the 6th over - 1 run(s), 2 hit(s), 0 error(s), 3 left on base; Notre Dame 3 - South Carolina 2
BOTTOM OF THE 6TH
South Carolina Gamecocks batting - Pitching for Notre Dame Fighting Irish : RHP Dax Campbell
Batting: RHB Taylor Justice 0-0: Ball
1-0: Ball
2-0: Called Strike
2-1: Swinging Strike
2-2: Ball
3-2: Foul Ball, location: 2F
3-2: Base on Balls
Batting: RHB Clint Ratzlaff 0-0: Ball
1-0: Called Strike
1-1: Called Strike
1-2: Foul Ball, location: 2F
1-2: Ball
2-2: Strikes out swinging
Batting: RHB José Zúńiga 0-0: Called Strike
0-1: Ball
1-1: SINGLE (Line Drive, 4D)
Taylor Justice to second
Batting: RHB Gary Wyatt 0-0: Ball
1-0: Foul Ball, location: 2F
1-1: Ball
2-1: Swinging Strike
2-2: Strikes out swinging
Batting: LHB Josh Pérez 0-0: Called Strike
0-1: Ball
1-1: Ground out U3 (Groundball, 3)
Bottom of the 6th over - 0 run(s), 1 hit(s), 0 error(s), 2 left on base; Notre Dame 3 - South Carolina 2
TOP OF THE 7TH
Notre Dame Fighting Irish batting - Pitching for South Carolina Gamecocks : RHP Ray Hall
Batting: RHB Ralph Gentry 0-0: Ball
1-0: Ball
2-0: Ground out 5-3 (Groundball, 56)
Batting: RHB António Muńóz 0-0: Swinging Strike
0-1: Ball
1-1: Ground out 1-3 (Groundball, 15S)
Batting: SHB Joe Gallagher 0-0: Ball
1-0: Ball
2-0: Foul Ball, location: 2F
2-1: Ball
3-1: Foul Ball, location: 2F
3-2: Base on Balls
Batting: RHB Doug Coleman 0-0: Swinging Strike
0-1: Foul Ball, location: 2F
0-2: Ball
1-2: SINGLE (Flyball, 78S)
Joe Gallagher to second
Batting: RHB Tony Parker 0-0: Ball
1-0: Ball
2-0: Ball
3-0: Base on Balls
Joe Gallagher to third
Doug Coleman to second
Batting: LHB George Smith 0-0: Called Strike
0-1: Ball
1-1: Ball
2-1: SINGLE (Flyball, 6D)
Joe Gallagher scores
Doug Coleman to third
Tony Parker to second
Runner from 3rd tries for Home, SAFE, no throw or cutoff
Batting: RHB Jesús Santos 0-0: Ball
1-0: Called Strike
1-1: Swinging Strike
1-2: Ball
2-2: Fly out, F8 (Flyball, 8LM)
Top of the 7th over - 2 run(s), 2 hit(s), 0 error(s), 2 left on base; Notre Dame 5 - South Carolina 2
BOTTOM OF THE 7TH
South Carolina Gamecocks batting - Pitching for Notre Dame Fighting Irish : RHP Dax Campbell
Batting: RHB Carl Johnston 0-0: Ball
1-0: Called Strike
1-1: Ball
2-1: Foul Ball, location: 2F
2-2: Ball
3-2: Base on Balls
Batting: RHB Junior Adams 0-0: Fly out, F2 (Popup, 2LF)
Pitching: RHP Richard Thomas
Batting: RHB Doug O'Brien 0-0: Called Strike
0-1: Ball
1-1: Ball
2-1: Fly out, F9 (Flyball, 9M)
Batting: RHB Lewis Carter 0-0: Called Strike
0-1: Ball
1-1: Ball
2-1: Ball
3-1: Called Strike
Carl Johnston is caught stealing 2nd base
Bottom of the 7th over - 0 run(s), 0 hit(s), 0 error(s), 0 left on base; Notre Dame 5 - South Carolina 2
TOP OF THE 8TH
Notre Dame Fighting Irish batting - Pitching for South Carolina Gamecocks : RHP Ray Hall
Pitching: RHP Dan McKnight
Batting: SHB Forest Cruz 0-0: Ball
1-0: SINGLE (Groundball, 3L)
Batting: RHB Ron Walters 0-0: Ball
1-0: Ball
2-0: Foul Ball, location: 2F
2-1: Reached on error, E6 (Groundball, 6M)
Forest Cruz to second
Batting: RHB Ralph Gentry 0-0: Foul Ball, location: 2F
0-1: Fly out, F8 (Flyball, 8RM)
Batting: RHB António Muńóz 0-0: Ball
1-0: Swinging Strike
1-1: Ball
2-1: Ball
3-1: Called Strike
3-2: Fielders Choice at 2nd, 1-6 (Groundball, 25)
Forest Cruz to third
Batting: SHB Joe Gallagher 0-0: Ball
1-0: Called Strike
1-1: Fly out, F7 (Popup, 7M)
Top of the 8th over - 0 run(s), 1 hit(s), 1 error(s), 2 left on base; Notre Dame 5 - South Carolina 2
BOTTOM OF THE 8TH
South Carolina Gamecocks batting - Pitching for Notre Dame Fighting Irish : RHP Richard Thomas
Now at SS: Tim Reid
Batting: RHB Lewis Carter 0-0: Called Strike
0-1: SINGLE (Groundball, 56D)
Pitching: RHP Bill Wiggins
Batting: RHB Taylor Justice 0-0: Ball
1-0: Foul Ball, location: 2F
1-1: Foul Ball, location: 2F
1-2: Foul Ball, location: 2F
1-2: Foul Ball, location: 2F
1-2: Foul Ball, location: 2F
1-2: Ball
2-2: Strikes out swinging
Batting: RHB Clint Ratzlaff 0-0: Called Strike
0-1: Ball
1-1: Ball
2-1: Swinging Strike
2-2: Foul Ball, location: 2F
2-2: Fly out, F7 (Flyball, 78M)
Batting: RHB José Zúńiga 0-0: Ball
1-0: Ground out 1-3 (Groundball, 15)
Bottom of the 8th over - 0 run(s), 1 hit(s), 0 error(s), 1 left on base; Notre Dame 5 - South Carolina 2
TOP OF THE 9TH
Notre Dame Fighting Irish batting - Pitching for South Carolina Gamecocks : RHP Dan McKnight
Batting: RHB Doug Coleman 0-0: Foul Ball, location: 2F
0-1: Ball
1-1: SOLO HOME RUN (Flyball, 78XD), Distance : 380 ft
Batting: RHB Tony Parker 0-0: Called Strike
0-1: Ball
1-1: Foul Ball, location: 2F
1-2: Ball
2-2: DOUBLE (Flyball, 89M)
Batting: LHB George Smith 0-0: Intentional Walk
Batting: RHB Jesús Santos 0-0: Ball
1-0: Called Strike
1-1: Ball
2-1: Ball
3-1: Bunted foul
3-2: Grounds into double play, 6-4-3 (Groundball, 56)
Tony Parker to third
Batting: SHB Forest Cruz 0-0: Foul Ball, location: 2F
0-1: Ball
1-1: SINGLE (Groundball, 5L)
Tony Parker scores
Batting: RHB Ron Walters 0-0: Called Strike
0-1: Ground out 6-3 (Groundball, 6)
Top of the 9th over - 2 run(s), 3 hit(s), 0 error(s), 1 left on base; Notre Dame 7 - South Carolina 2
BOTTOM OF THE 9TH
South Carolina Gamecocks batting - Pitching for Notre Dame Fighting Irish : RHP Bill Wiggins
Now in LF: Ron Campbell
Batting: RHB Gary Wyatt 0-0: Ball
1-0: Ball
2-0: Ball
3-0: Base on Balls
Batting: LHB Josh Pérez 0-0: Ball
1-0: Called Strike
1-1: Ball
2-1: Foul Ball, location: 2F
2-2: Foul Ball, location: 2F
2-2: Fly out, F7 (Flyball, 78S)
Batting: RHB Carl Johnston 0-0: Foul Ball, location: 2F
0-1: Swinging Strike
0-2: Ball
1-2: Strikes out swinging
Batting: RHB Junior Adams 0-0: 2-RUN HOME RUN (Line Drive, 7LD), Distance : 321 ft
Pitching: LHP Arthur Coventry
Batting: RHB Doug O'Brien 0-0: Called Strike
0-1: Ball
1-1: Foul Ball, location: 2F
1-2: Foul Ball, location: 2F
1-2: Strikes out swinging
Bottom of the 9th over - 2 run(s), 1 hit(s), 0 error(s), 0 left on base; Notre Dame 7 - South Carolina 4
This league is powered by Out of the Park Baseball, the baseball management simulation game for PC, Mac and Linux
Saturday, April 9th, 2016 - OOTP Baseball 16.8 Build 38